 Dungeon Crawl Stone Soup version 0.32-a0-685-g93135e86f0 (webtiles) character file.

Game seed: 3815805545255242774

12 croobank the Sneak (level 2, -4/24 HPs)
             Began as a Demonspawn Delver on Mar 12, 2024.
             Slain by a kobold brigand
             ... wielding a +0 short sword
              (6 damage)
             ... on level 5 of the Dungeon.
             The game lasted 00:00:25 (90 turns).

croobank the Sneak (Demonspawn Delver)                Turns: 90, Time: 00:00:25

Health: -4/24      AC:  4    Str: 12    XL:     2   Next: 20%
Magic:  2/2        EV: 12    Int: 10    God:
Gold:   0          SH:  0    Dex: 14    Spells: 1/1 levels left

rFire   . . .        a - +0 short sword
rCold   . . .        (no shield)
rNeg    . . .        b - +0 leather armour
rPois   .            (no helmet)
rElec   .            (no cloak)
rCorr   .            (no gloves)
SInv    .            (no boots)
Will    .....        (no amulet)
Stlth   +++          (no ring)
HPRegen 0.24/turn    (no ring)
MPRegen 0.08/turn

%: no passive effects
@: lethally poisoned (-4 -> -11), hasted and slowed
A: sharp scales 1
a: no special abilities


You were on level 5 of the Dungeon.
You visited 1 branch of the dungeon, and saw 2 of its levels.

Inventory:

Hand Weapons
 a - a +0 short sword (weapon)
Armour
 b - a +0 leather armour (worn)
Wands
 g - a wand of digging (3)
Scrolls
 c - a scroll of fog
 d - a scroll of revelation
 e - a scroll of fear
 h - a scroll of teleportation {unknown}


   Skills:
 + Level 3.1 Fighting
 + Level 2.0 Short Blades
 + Level 2.0 Dodging
 + Level 4.6 Stealth


You had one spell level left.
You didn't know any spells.
Your spell library was empty.

Dungeon Overview and Level Annotations

Branches:
Dungeon (6/15)
 Temple: D:4-7

Altars:


Innate Abilities, Weirdness & Mutations

You are partially covered in razor-sharp scales. (AC +1, Slay +1)


Message History

You feel sick.
You feel sick.
You are no longer poisoned.
HP restored. 2 kobolds come into view.
A kobold is wielding a +0 short sword and quivering poisoned darts.
The helpless kobold fails to defend itself.
You puncture the kobold!
You kill the kobold!
A kobold brigand comes into view.
It is wielding a +0 short sword and quivering curare-tipped darts.
The kobold brigand shouts!
The kobold shouts!
The kobold brigand throws a curare-tipped dart.
The curare-tipped dart hits you.
You are poisoned.
You have difficulty breathing.
You feel yourself slow down. The kobold closely misses you.
Things that are here:
a +0 dagger; 3 stones; a kobold corpse You closely miss the kobold.
You feel very sick. The kobold hits you but does no damage.
You hit the kobold.
The kobold is severely wounded.
You feel very sick. The kobold hits you but does no damage.
The kobold brigand throws a curare-tipped dart.
The curare-tipped dart misses you.
You are too injured to fight recklessly!
You are too injured to fight recklessly!
You feel sick.
The kobold throws a poisoned dart.
The poisoned dart hits you!
You are lethally poisoned!
You hit the kobold brigand but do no damage.
* * * LOW HITPOINT WARNING * * *
You feel very sick.
The kobold brigand hits you but does no damage.
You feel yourself speed up.
* * * LOW HITPOINT WARNING * * *
You feel very sick.
The kobold brigand hits you with a +0 short sword.
You die...

.. #. #.#
#.##.# #.##.# #
#.##.# #.
#.##.#
#.##.##.####
####.......@KK#
...........##.#
######.#### .#
#.# .. #.####
### #....#
####.# #.# #.#


You could see a kobold brigand and a kobold.

Vanquished Creatures
  An adder (D:5)
  An orc (D:6)
  A kobold (D:5)
3 creatures vanquished.

Notes
Turn   | Place    | Note
-------+----------+-------------------------------------------
     0 | D:5      | croobank the Demonspawn Delver began the quest for the Orb.
     0 | D:5      | Reached XP level 1. HP: 18/18 MP: 1/1
    13 | D:6      | Noticed a jelly
    43 | D:5      | Gained mutation: You are partially covered in razor-sharp
                  | scales. (AC +1, Slay +1) [demonic ancestry]
    43 | D:5      | Reached XP level 2. HP: 22/24 MP: 2/2
    85 | D:5      | Noticed a kobold brigand
    90 | D:5      | Slain by a kobold brigand

Illustrated notes

Levels and vault maps discovered:
D:5:      minmay_thick_lines, layout_loops_ring, mainiacjoe_overflow_24_doors,
          minmay_strange_pillars, minmay_door_square, kennysheep_generic_room_6
D:6:      layout_loops_cross, kennysheep_little_box, slow_altar_2, uniq_edmund

Skill      XL: |  1 |
---------------+----+-----
Short Blades   | 2 |  2.0
Dodging        | 2 |  2.0
Fighting       | |  3.1
Stealth        | |  4.6

Action                     || total
---------------------------++-------
  Melee: Short sword       ||    11
    Use: Potion            ||     1
   Stab: Sleeping          ||     1
 Armour: Leather armour    ||     6
  Dodge: Dodged            ||     4

Table legend: (Time is in decaauts)
 A = Elapsed time spent in this place.
 B = Non-inter-level travel time spent in this place.
 C = Inter-level travel time spent in this place.
 D = Time resting spent in this place.
 E = Time spent auto-exploring this place.
 F = Levels seen in this place.
 G = Mean time per level.
                   A        B        C        D        E       F      G
               +--------+--------+--------+--------+--------+-----+--------+
         Total |     91 |     91 |      0 |      0 |     43 |   2 |   45.5 |
       Dungeon |     91 |     91 |      0 |      0 |     43 |   2 |   45.5 |
               +--------+--------+--------+--------+--------+-----+--------+

Top non-repeatable levels by time:
     D:5: 61 daAuts
     D:6: 29 daAuts
